 Dungeon Crawl Stone Soup version 0.25.1-2-g60ff931df9 (webtiles) character file.

Game seed: 6359281198131573857

4 demenzo the Sneak (level 1, -4/10 HPs)
             Began as a Spriggan Assassin on Nov 17, 2020.
             Slain by an iguana (11 damage)
             ... on level 9 of the Dungeon.
             The game lasted 00:04:30 (628 turns).

demenzo the Sneak (Spriggan Assassin)                Turns: 628, Time: 00:04:31

Health: -4/10      AC:  5    Str:  7    XL:     1   Next: 58%
Magic:  2/2        EV: 17    Int: 16    God:
Gold:   74         SH:  0    Dex: 19    Spells: 0/0 levels left

rFire    . . .     SeeInvis +   a - +2 dagger
rCold    + . .     Gourm    .   (shield restricted)
rNeg     . . .     Faith    .   b - +0 robe
rPois    .         Spirit   .   (helmet restricted)
rElec    .         Reflect  .   c - +2 cloak
rCorr    .         Harm     .   (gloves unavailable)
MR       .....                  (boots unavailable)
Stlth    ++++......             (no amulet)
HPRegen  0.03/turn              g - ring of protection from cold
MPRegen  0.08/turn              (no ring)

@: stab, very quick
A: very small, unfitting armour, see invisible, agile 1, clever 2, herbivore,
speed 3, slow metabolism 2
a: no special abilities


You were on level 9 of the Dungeon.
You were not hungry.

You visited 1 branch of the dungeon, and saw 9 of its levels.

You collected 74 gold pieces.

Inventory:

Hand Weapons
 a - a +2 dagger (weapon)
 i - a +1 dagger of holy wrath
Missiles
 d - 8 poisoned darts (quivered)
 e - 2 curare-tipped darts
 m - 14 stones
 n - 17 bolts
 o - 10 boomerangs
Armour
 b - a +0 robe (worn)
 c - a +2 cloak (worn)
Jewellery
 g - a ring of protection from cold (left hand)
Potions
 p - a potion of ambrosia
 q - a potion of flight
Comestibles
 f - 3 rations


   Skills:
 - Level 1.5 Fighting
 - Level 2.1 Short Blades
 - Level 2.0 Throwing
 - Level 1.5 Dodging
 + Level 6.3 Stealth


You couldn't memorise any spells.
You didn't know any spells.
Your spell library contained the following spells:

 Spells                   Type           Power        Failure   Level  Hunger
 Animate Skeleton         Necr           N/A          26%         1    ##.....
 Apportation              Tloc           #.....       26%         1    ##.....
 Corona                   Hex            #......      26%         1    ##.....
 Summon Small Mammal      Summ           #...         26%         1    ##.....


Dungeon Overview and Level Annotations

Branches:
Dungeon (9/15)
 Temple: D:4-7         Lair: D:8-11         Orc: D:9-12

Altars:
Cheibriados
Gozag
Zin

Shops:
D:9 !

Annotations:
D:4 Grinder


Innate Abilities, Weirdness & Mutations

You are very small and have problems with some larger weapons.
You are too small for most types of armour.
You have supernaturally acute eyesight. (SInv)
You are a herbivore.
You cover ground extremely quickly.
You need to consume almost no food.
You are agile. (Dex +2)
Your mind is very acute. (Int +4)


Message History

It was a potion of stabbing.
You feel ready to backstab.
You aren't carrying any scrolls.
You aren't carrying any items that you can evoke.
Okay, then.
You aren't carrying any items that you can evoke.
Okay, then.
You aren't carrying any scrolls.
g - a ring of protection from cold (left hand)
A troll comes into view.
You hit the iguana.
The iguana is lightly wounded.
You closely miss the iguana.
The iguana is lightly wounded.
The iguana misses you.
You hit the iguana.
The iguana is moderately wounded.
The iguana bites you!
Ouch! That really hurt!
You die...

.......# ##......##
##........##
#..........#
####..........#
.............# .
#..........#
≈≈..#########..........#
≈......cO@l...........##
....#########.....∩....#
. #..........#
#....<.....#
#...$......#
#..........#
##........## ##......##
########


You could see an ogre, a centaur and an iguana.

Vanquished Creatures
  4 bats
4 creatures vanquished.

Notes
Turn   | Place    | Note
-------+----------+-------------------------------------------
     0 | D:1      | demenzo the Spriggan Assassin began the quest for the Orb.
     0 | D:1      | Reached XP level 1. HP: 10/10 MP: 2/2
   156 | D:1      | Reached skill level 6 in Stealth
   386 | D:4      | Noticed Grinder
   402 | D:5      | Entered Level 5 of the Dungeon
   404 | D:5      | Noticed a worker ant
   405 | D:5      | Found a glowing silver altar of Zin.
   412 | D:5      | Noticed a quasit
   421 | D:5      | Noticed an orc priest
   435 | D:6      | Noticed a jelly
   440 | D:6      | Noticed an ogre
   498 | D:7      | Noticed a scorpion
   498 | D:7      | Noticed an ice beast
   499 | D:7      | Noticed a crocodile
   521 | D:8      | Found a snail-covered altar of Cheibriados.
   521 | D:8      | Found an opulent altar of Gozag.
   523 | D:8      | Noticed a worker ant
   546 | D:8      | Gained mutation: Your mind is acute. (Int +2) [potion of
                  | mutation]
   546 | D:8      | Gained mutation: You are agile. (Dex +2) [potion of
                  | mutation]
   546 | D:8      | Gained mutation: Your mind is very acute. (Int +4) [potion
                  | of mutation]
   593 | D:8      | Noticed an orc priest
   607 | D:9      | Found Lerphocae's Distillery.
   607 | D:9      | Noticed an iguana
   619 | D:9      | Noticed an ogre
   619 | D:9      | Noticed a centaur
   624 | D:9      | Noticed a troll
   628 | D:9      | Slain by an iguana

Illustrated notes

Levels and vault maps discovered:
D:1:      noname_arrival_rooms_in_the_neighbourhood, layout_loops_cross
D:2:      layout_loops_corners, marbit_many_paths, lemuel_round_altar,
          yredelemnul_altar_generic, serial_forest,
          infiniplex_forest_lined_4_way, infiniplex_forest_clump_curved,
          infiniplex_forest_lined_3_way, infiniplex_forest_lined_room_2,
          infiniplex_forest_clump_C, infiniplex_forest_lined_2,
          infiniplex_forest_lined_1, wad_orctagon
D:3:      layout_rooms, elyvilon_altar_5
D:4:      layout_cave_pods, enter_ossuary_5, uniq_grinder
D:5:      layout_rooms, zin_academy, nicolae_overflow_crystal_walls,
          minmay_temple_entry_arrows, portal_sewer_entry_a, first_ration,
          serial_bayou_pond_b, nicolae_xom_altar_mimics
D:6:      layout_rooms, lightli_temple_of_fire, serial_shops,
          kennysheep_mini_moat, kennysheep_little_box, shop,
          nicolae_shop_crystal, shop
D:7:      layout_rooms, serial_shops, shop_fountains, grunt_ogre_cave
D:8:      layout_loops_ring, cheibriados_altar_1, basic_altar,
          minmay_starry_boxes
D:9:      layout_rooms, lemuel_round_altar, erik_lair_island, serial_shops,
          shop, uniq_pikel, uniq_erica, uniq_psyche

Skill      XL: |  1 |
---------------+----+-----
Stealth        | 6 |  6.3
Fighting       | |  1.5
Short Blades   | |  2.1
Throwing       | |  2.0
Dodging        | |  1.5

Action                   || total
-------------------------++-------
Melee: Dagger            ||    14
  Use: Scroll            ||     8
       Potion            ||     2
 Stab: Sleeping          ||     1
Armor: Robe              ||     6
Dodge: Dodged            ||    23
